 Dungeon Crawl Stone Soup version 0.30-a0-879-ga8ba668304 (webtiles) character file.

Game seed: 12110453837177057385

490 hikkokomori the Gusty (level 7, -4/41 HPs)
             Began as a Tengu Air Elementalist on Mar 13, 2023.
             Slain by an iguana (10 damage)
             ... on level 4 of the Dungeon.
             The game lasted 00:07:57 (4010 turns).

hikkokomori the Gusty (Tengu Air Elementalist)      Turns: 4010, Time: 00:07:57

Health: -4/41      AC:  2    Str:  8    XL:     7   Next: 14%
Magic:  11/11      EV: 14    Int: 18    God:
Gold:   137        SH:  0    Dex: 14    Spells: 6/10 levels left

rFire   . . .      SeeInvis .    u - +2 dagger (elec)
rCold   + . .      Faith    .    (no shield)
rNeg    . . .      Spirit   .    a - +0 robe
rPois   .          Reflect  .    (helmet restricted)
rElec   .          Rampage  .    (no cloak)
rCorr   .                        (no gloves)
Will    .....                    (boots unavailable)
Stlth   +++                      g - amulet of the acrobat
HPRegen 0.26/turn                w - ring of protection from cold
MPRegen 0.12/turn                (no ring)

@: flying quickly and evasively, quick
A: beak, talons 3, nimble flight
a: no special abilities


You were on level 4 of the Dungeon.
You visited 2 branches of the dungeon, and saw 5 of its levels.

You collected 137 gold pieces.

Inventory:

Hand Weapons
 c - a +0 dagger
 h - a +0 dagger of venom
 u - a +2 dagger of electrocution (weapon)
Armour
 a - a +0 robe (worn)
Magical Staves
 x - a staff of earth
Jewellery
 g - an amulet of the acrobat (around neck)
 w - a ring of protection from cold (left hand)
Wands
 n - a wand of iceblast (21)
Scrolls
 e - a scroll of fog {unknown}
 j - 4 scrolls of teleportation {unknown}
 l - a scroll of amnesia {unknown}
 o - 5 scrolls of identify {unknown}
 s - 2 scrolls of noise {unknown}
 t - a scroll of torment {unknown}
 v - a scroll of brand weapon {unknown}
Potions
 b - a potion of magic
 d - 4 potions of curing {unknown}
 f - a potion of brilliance {unknown}
 i - 3 potions of heal wounds
 k - a potion of berserk rage {unknown}
 m - a potion of lignification {unknown}
 p - 2 potions of attraction {unknown}
 q - a potion of degeneration {unknown}
 r - a potion of mutation {unknown}


   Skills:
 + Level 3.2 Fighting
 - Level 2.2 Dodging
 + Level 4.2 Stealth
 - Level 2.0 Spellcasting
 + Level 4.7 Conjurations
 + Level 6.1 Air Magic
 + Level 0.6 Earth Magic


You had 6 spell levels left.
You knew the following spells:

 Your Spells              Type           Power      Damage    Failure   Level
a - Shock                 Conj/Air       84%        1d8       1%          1
b - Stone Arrow           Conj/Erth      22%        3d8       19%         3

Your spell library contained the following spells:

 Spells                   Type           Power      Damage    Failure   Level
 Static Discharge         Conj/Air       42%        2-4/arc   3%          2
 Swiftness                Air            23%        N/A       4%          3
 Sandblast                Erth           8%         2d5       14%         1
 Airstrike                Air            11%        2d(2-18)  14%         4
 Necrotise                Necr           4%         1d4       19%         1
 Passwall                 Tmut/Erth      2%         N/A       24%         2
 Vampiric Draining        Necr           1%         2d6       47%         3
 Animate Armour           Summ/Erth      6%         N/A       83%         4
 Agony                    Necr           1%         N/A       99%         5
 Lehudib's Crystal Spear  Conj/Erth      5%         10d3      100%        8


Dungeon Overview and Level Annotations

Branches:
Dungeon (4/15)             Temple (1/1) D:4

Altars:
Ashenzari
Dithmenos
Elyvilon
Fedhas
Gozag
Hepliaklqana
Makhleb
Nemelex Xobeh
Okawaru
Ru
Sif Muna
Trog
Wu Jian
Xom
The Shining One

Shops:
D:4 *


Innate Abilities, Weirdness & Mutations

You have a beak for a mouth.
You have claws for feet.
Your magical nature lets you fly swiftly and evasively.


Message History

You hit the iguana but do no damage. Your kick misses the iguana.
The iguana bites you!
You are too injured to fight recklessly!
You are too injured to fight recklessly!
You are too injured to fight recklessly!
You are too injured to fight recklessly!
You are too injured to fight recklessly!
You are too injured to fight recklessly!
You are too injured to fight recklessly!
You are too injured to fight recklessly!
You are too injured to fight recklessly!
You are too injured to fight recklessly!
You are too injured to fight recklessly!
You are too injured to fight recklessly!
You are too injured to fight recklessly!
You are too injured to fight recklessly!
You are too injured to fight recklessly!
Aiming: Iceblast
Press: ? - help, Shift-Dir - straight line The mass of ice explodes!
The iceblast engulfs the iguana!
The iguana is heavily wounded.
You hear an angry hiss.
The iguana closely misses you.
You barely miss the iguana. You claw the iguana, but do no damage.
Your peck misses the iguana.
The iguana is heavily wounded.
The iguana closely misses you.
You hit the iguana. You claw the iguana, but do no damage.
You peck the iguana, but do no damage.
The iguana is severely wounded.
The iguana bites you.
* * * LOW HITPOINT WARNING * * *
You hit the iguana.
The iguana is almost dead.
The iguana bites you.
* * * LOW HITPOINT WARNING * * *
You hit the iguana. You peck the iguana, but do no damage.
The iguana is almost dead.
The iguana bites you!
You die...

#.# ## #.# #.. #.# #.#
#.# #.# # #.# ##.####
#.##.# ##
#####.....###.##.###.
#)..#..##...........)
#)#l@......##......##
...#.#..##..##.#(..###
..#..#.#.........##.##
# ##
#..#.#.###..#####.# #
#.##.#...#..# #.# # #.
#.###.#..# ##'# # ..
#........# ##...###
#.###.#.####.....##
#.......###.......#


You could see an iguana.

Vanquished Creatures
  Grinder (D:3)
  A scorpion (D:4)
  An orc priest (D:4)
  Jessica (D:2)
  Ijyb (D:3)
  3 gnolls (D:4)
  4 adders
  4 worms
  A dart slug (D:1)
  8 orcs
  5 ball pythons
  3 endoplasms
  3 giant cockroaches
  9 goblins
  8 hobgoblins
  5 jackals
  4 quokkas
  4 bats
  5 frilled lizards
  7 kobolds
  3 rats
  A spectral kobold (D:3)
82 creatures vanquished.

Notes
Turn   | Place    | Note
-------+----------+-------------------------------------------
     0 | D:1      | hikkokomori the Tengu Air Elementalist began the quest for
                  | the Orb.
     0 | D:1      | Reached XP level 1. HP: 10/10 MP: 4/4
   176 | D:1      | Reached XP level 2. HP: 16/16 MP: 3/6
   529 | D:1      | Reached skill level 1 in Fighting
   640 | D:1      | Reached XP level 3. HP: 20/20 MP: 2/7
  1395 | D:2      | Found an ornate altar of the Wu Jian Council.
  1395 | D:2      | Noticed Jessica
  1402 | D:2      | Killed Jessica
  1403 | D:2      | Reached XP level 4. HP: 25/25 MP: 0/8
  1909 | D:3      | Found a shimmering altar of Xom.
  2125 | D:3      | Learned a level 3 spell: Stone Arrow
  2177 | D:3      | Noticed Grinder
  2625 | D:3      | Killed Grinder
  2626 | D:3      | Reached skill level 5 in Air Magic
  2626 | D:3      | Gained mutation: Your magical nature lets you fly swiftly
                  | and evasively. [Tengu growth]
  2626 | D:3      | Reached XP level 5. HP: 7/32 MP: 3/9
  2626 | D:3      | Reached XP level 6. HP: 8/36 MP: 3/10
  2750 | D:3      | Noticed Ijyb
  2769 | D:3      | Killed Ijyb
  3035 | D:3      | Found a hazy altar of Hepliaklqana.
  3252 | D:4      | Found Gilani's Assorted Antiques.
  3417 | D:4      | Found a staircase to the Ecumenical Temple.
  3456 | Temple   | Entered the Ecumenical Temple
  3701 | D:4      | Reached skill level 6 in Air Magic
  3709 | D:4      | Reached XP level 7. HP: 41/41 MP: 0/11
  4010 | D:4      | Slain by an iguana

Illustrated notes

Levels and vault maps discovered:
D:1:      dpeg_arrival_pond, layout_loops_ring
D:2:      layout_rooms, basic_altar, uniq_jessica
D:3:      layout_basic, nicolae_hepliaklqana_monster_ancestors,
          mainiacjoe_overflow_boulevard, uniq_grinder, uniq_ijyb
D:4:      minmay_evil_eye, layout_loops_corners, minmay_temple_entry_nine_rooms,
          serial_shops, kennysheep_mini_moat, grunt_ministairs_4
Temple:   dshaligram_water_room_temple

Skill      XL: |  1  2  3  4  5  6 |
---------------+-------------------+-----
Conjurations   | 2 4 |  4.7
Fighting       | 1 2 3 |  3.2
Stealth        | 3 4 |  4.2
Air Magic      | 5 6 |  6.1
Dodging        | |  2.2
Spellcasting   | |  2.0
Earth Magic    | |  0.6

Action                     |  1- 3 |  4- 6 |  7- 9 || total
---------------------------+-------+-------+-------++-------
  Melee: Dagger            |    30 |    56 |    26 ||   112
         Kick              |     5 |     9 |     8 ||    22
         Peck              |     3 |     7 |     7 ||    17
   Cast: Shock             |    54 |    45 |     9 ||   108
  Evoke: Wand              |       |     1 |     4 ||     5
   Stab: Sleeping          |     4 |     6 |       ||    10
 Armour: Robe              |     7 |     6 |     1 ||    14
  Dodge: Dodged            |    15 |    55 |    12 ||    82

Table legend: (Time is in decaauts)
 A = Elapsed time spent in this place.
 B = Non-inter-level travel time spent in this place.
 C = Inter-level travel time spent in this place.
 D = Time resting spent in this place.
 E = Time spent auto-exploring this place.
 F = Levels seen in this place.
 G = Mean time per level.
                   A        B        C        D        E       F      G
               +--------+--------+--------+--------+--------+-----+--------+
         Total |   3918 |   3794 |    124 |    331 |   2865 |   5 |  783.6 |
       Dungeon |   3823 |   3728 |     95 |    331 |   2811 |   4 |  955.8 |
        Temple |     95 |     67 |     28 |      0 |     54 |   1 |   95.0 |
               +--------+--------+--------+--------+--------+-----+--------+

Top non-repeatable levels by time:
     D:3: 1330 daAuts
     D:1: 1195 daAuts
     D:2: 652 daAuts
     D:4: 645 daAuts
  Temple: 95 daAuts
